 Dungeon Crawl Stone Soup version 0.31-a0-1096-g246cf0196b (webtiles) character file.

Game seed: 13427835487074792608

152743 Arzdou the Cryomancer (level 17, -10/96 HPs)
             Began as a Deep Elf Fire Elementalist on Nov 27, 2023.
             Was a High Priest of Vehumet.
             Killed from afar by a purple draconian (24 damage)
             ... with a bolt of dispelling energy
             ... in a wizard's laboratory on Nov 29, 2023.
             The game lasted 02:31:13 (41666 turns).

Arzdou the Cryomancer (Deep Elf Fire Elementalist) Turns: 41666, Time: 02:31:13

Health: -10/96     AC: 16    Str:  5    XL:     17   Next: 3%
Magic:  1/38       EV: 18    Int: 35    God:    Vehumet [*****.]
Gold:   516        SH: 10    Dex: 20    Spells: 14/46 levels left

rFire   + . .        q - staff of conjuration
rCold   + . .        m - +0 buckler
rNeg    . . .        X - +2 robe {rC+ rF+}
rPois   +            U - +2 hat {Stlth+}
rElec   +            k - +2 cloak {Will+}
rCorr   +            M - +1 pair of gloves of Ebownotz {rPois Dex+3}
SInv    +            o - +0 pair of boots of Intercession {rCorr SInv}
Will    ++...        v - amulet of Kyphe {Reflect rElec rCorr Dex+2 SH+5}
Stlth   +++++        y - +4 ring of protection
HPRegen 0.36/turn    Z - +6 ring of intelligence
MPRegen 0.26/turn

%: reflection
@: no status effects
A: no striking features
a: Renounce Religion


You were in a wizard's laboratory.
You worshipped Vehumet.
Vehumet was extremely pleased with you.
You visited 6 branches of the dungeon, and saw 28 of its levels.
You visited the Abyss 2 times.
You also visited: Gauntlet, Ice Cave and Wizlab.

You collected 2844 gold pieces.
You spent 2328 gold pieces at shops.

Inventory:

Hand Weapons
 T - the +8 demon blade "Leech" {evervamp, Harm Drain rN+}
   (You took it off an orc wizard on level 11 of the Dungeon)

   rN+:       It protects you from negative energy.
   Drain:     It drains your maximum health when unequipped.
   Harm:      It increases damage dealt and taken.
 Y - the +2 Maxwell's thermic engine {flame, freeze, rev}
   (You found it in an ice cave)
Missiles
 c - 5 throwing nets
 p - 5 curare-tipped darts
Armour
 k - a +2 cloak of willpower (worn)
 m - a +0 buckler (worn)
 o - the +0 pair of boots of Intercession (worn) {rCorr SInv}
   (You bought it in a shop on level 2 of the Orcish Mines)

   SInv:      It lets you see invisible.
   rCorr:     It protects you from acid and corrosion.
 F - a +2 robe of willpower
 M - the +1 pair of gloves of Ebownotz (worn) {rPois Dex+3}
   (You acquired it on level 11 of the Dungeon)

   Dex+3:     It affects your dexterity (+3).
   rPois:     It protects you from poison
 U - a +2 hat of stealth (worn)
 X - a +2 robe of resistance (worn)
Magical Staves
 q - a staff of conjuration (weapon)
Jewellery
 v - the amulet of Kyphe (around neck) {Reflect rElec rCorr Dex+2 SH+5}
   (You found it on level 15 of the Dungeon)

   [amulet of reflection]

   Reflect:   It reflects blocked missile attacks.
   Dex+2:     It affects your dexterity (+2).
   rElec:     It insulates you from electricity.
   rCorr:     It protects you from acid and corrosion.
   SH+5:      It affects your SH (+5).
 y - a +4 ring of protection (left hand)
 Q - a ring of protection from cold
 R - the ring "Tineq" {rF+ Dex+4}
   (You took it off a gnoll on level 10 of the Dungeon)

   [ring of protection from fire]

   Dex+4:     It affects your dexterity (+4).
   rF+:       It protects you from fire.
 Z - a +6 ring of intelligence (right hand)
Wands
 B - a wand of digging (9)
 I - a wand of roots (28)
 N - a wand of light (30)
 O - a wand of paralysis (18)
Scrolls
 a - 4 scrolls of teleportation
 e - 3 scrolls of fear
 i - 2 scrolls of blinking
 j - 2 scrolls of immolation
 s - a scroll of torment
 u - 8 scrolls of fog
 w - 3 scrolls of vulnerability
 z - 3 scrolls of butterflies
 C - 7 scrolls of poison
 D - a scroll of brand weapon
 G - 2 scrolls of amnesia
 H - 6 scrolls of noise
 L - a scroll of silence
 V - a scroll of acquirement
Potions
 b - 3 potions of mutation
 f - 2 potions of invisibility
 g - 3 potions of berserk rage
 h - a potion of haste
 l - 3 potions of might
 r - 3 potions of resistance
 t - 6 potions of enlightenment
 A - 3 potions of lignification
 E - 4 potions of brilliance
 P - 7 potions of curing
 S - 7 potions of cancellation
Miscellaneous
 x - a condenser vane
 J - a lightning rod (4/4)
 W - a phial of floods


   Skills:
 - Level 7.0 Fighting
 - Level 10.0 Dodging
 - Level 9.0 Stealth
 + Level 15.2 Spellcasting
 + Level 14.7 Conjurations
 - Level 10.0 Fire Magic
 - Level 21.0 Ice Magic
 - Level 8.0 Air Magic


You had 14 spell levels left.
You knew the following spells:

 Your Spells              Type           Power      Damage    Failure   Level
a - Foxfire               Conj/Fire      100%       2x1d9     0%          1
b - Scorch                Fire           100%       2d9       1%          2
c - Flame Wave            Conj/Fire      100%       2d21      1%          4
d - Freeze                Ice            100%       1d10      0%          1
e - Apportation           Tloc           52%        N/A       2%          1
f - Frozen Ramparts       Ice            100%       1d16      0%          3
g - Ozocubu's Refrigerat  Ice            54%        4d19      1%          7
h - Orb of Destruction    Conj           57%        9d14      1%          7
p - Plasma Beam           Fire/Air       37%        2x1d50    3%          6

Your spell library contained the following spells:

 Spells                   Type           Power      Damage    Failure   Level
 Bombard                  Conj/Erth      43%        9d7       5%          6
 Shock                    Conj/Air       100%       1d9       1%          1
 Ensorcelled Hibernation  Hex/Ice        100%       N/A       1%          2
 Inner Flame              Hex/Fire       58%        N/A       1%          3
 Swiftness                Air            70%        N/A       1%          3
 Volatile Blastmotes      Fire/Tloc      100%       2d18      1%          3
 Airstrike                Air            35%        2d(5-21)  1%          4
 Brom's Barrelling Bould  Conj/Erth      87%        2d10      1%          4
 Fireball                 Conj/Fire      53%        3d21      1%          5
 Iskenderun's Battlesphe  Conj           100%       2d15      1%          5
 Conjure Ball Lightning   Conj/Air       51%        3x3d18    1%          6
 Necrotise                Necr           100%       1d9       2%          1
 Summon Small Mammal      Summ           100%       N/A       2%          1
 Jinxbite                 Hex            52%        N/A       4%          2
 Sublimation of Blood     Necr           26%        N/A       4%          2
 Wereblood                Tmut           26%        N/A       4%          2
 Simulacrum               Ice/Necr       39%        N/A       6%          6
 Call Canine Familiar     Summ           26%        N/A       9%          3
 Gell's Gravitas          Tloc           26%        N/A       9%          3
 Sigil of Binding         Hex            26%        N/A       9%          3
 Teleport Other           Tloc           26%        N/A       9%          3
 Polar Vortex             Ice            54%        12d7*     13%         9
 Anguish                  Hex/Necr       13%        N/A       28%         4
 Animate Dead             Necr           26%        N/A       28%         4
 Dimensional Bullseye     Hex/Tloc       13%        N/A       28%         4
 Leda's Liquefaction      Hex/Erth       13%        N/A       28%         4
 Dispersal                Tloc           13%        N/A       99%         6
 Haunt                    Necr/Summ      13%        N/A       100%        7
 Summon Hydra             Summ           13%        N/A       100%        7
 Infestation              Necr           13%        N/A       100%        8


Dungeon Overview and Level Annotations

Branches:
Dungeon (15/15)            Temple (1/1) D:6            Lair (5/5) D:8
 Shoals (3/4) Lair:3       Spider (0/4) Lair:2        Slime (0/5) Lair:5
    Orc (2/2) D:10            Elf (2/3) Orc:2        Vaults (0/5) D:13
 Depths (0/4) D:15          IceCv (visited)          WizLab (1/1)
Gauntlet (visited)

Altars:
Ashenzari
Cheibriados
Dithmenos
Elyvilon
Fedhas
Gozag
Hepliaklqana
Kikubaaqudgha
Makhleb
Nemelex Xobeh
Okawaru
Qazlal
Ru
Sif Muna
Trog
Uskayaw
Vehumet
Wu Jian
Xom
Yredelemnul
Zin
The Shining One
Jiyva

Shops:
D:7 [   D:8 (*[==   Orc:1 [*:   Orc:2 *[**   Elf:1 [(:?[   Elf:2 [(
Shoals:1 (   Shoals:2 (

Portals:
Trove: Elf:1 (give 5 scrolls of fear)

Annotations:
D:6 2 transporters
D:14 1 runed translucent door, Safywk's ghost, journeyman MiFi
Shoals:1 2 runed translucent doors, Totu's ghost, adept MiBe WizLab exclusion: statue


Message History

The purple draconian is lightly wounded.
The purple draconian breathes dispelling energy at you.
The bolt of dispelling energy hits you!!!
Ouch! That really hurt!
The purple draconian barely misses you.
Okay, then.
You feel much better.
You block the purple draconian's attack.
Casting: Orb of Destruction (dangerous; 1% risk of failure)
Confirm with . or Enter, or press ? or * to list all spells.
Casting: Flame Wave (safe; 1% risk of failure)
Press: ? - help, Dir - look around, f - activate You feel a surge of power!
A wave of flame ripples out!
The flame wave engulfs the purple draconian!
The purple draconian is lightly wounded. (Press . to intensify the flame waves.)
You block the purple draconian's attack.
A wave of flame ripples out!
The flame wave engulfs the purple draconian!
The purple draconian is moderately wounded.
You hear a roar! x2
The purple draconian breathes dispelling energy at you.
The bolt of dispelling energy hits you!!
Unknown command.
A wave of flame ripples out!
The flame wave engulfs the purple draconian!!
The purple draconian is severely wounded.
You hear a shout!
The purple draconian hits you with a +0 long sword!!
* * * LOW HITPOINT WARNING * * *
Unknown command.
A wave of flame ripples out!
The flame wave engulfs the purple draconian!
The purple draconian is almost dead.
You finish channelling waves of flame.
You hear a shout!
The purple draconian misses you.
The purple draconian breathes dispelling energy at you.
The bolt of dispelling energy hits you!!
You die...

.. ...
.dQ. ##
.†...
#.##......
##..°○°*.8
#.##......
##d#....).
#@##......
#.#§###.#.
##§##∩# #
##§.#.#
######


You could see a purple draconian (catching breath).

Vanquished Creatures
  A kraken (Shoals:3)
  Gastronok (Lair:2)
  A deep elf sorcerer (Elf:1)
  An orc warlord (Orc:1)
  A deep elf demonologist (Elf:1)
  A bunyip (shapeshifter) (D:14)
  2 purple draconians (WizLab)
  A minotaur (Gauntlet)
  Snorg (Orc:1)
  A statue (WizLab)
  2 merfolk javelineers (Shoals:1)
  Josephine (Orc:1)
  An ettin (Orc:1)
  6 merfolk impalers (Shoals:1)
  A deep elf high priest (Elf:1)
  A rakshasa (Abyss:2)
  3 hydras
  Harold (D:9)
  A vault guard (D:13)
  The ghost of Ecaiwiergh the Ripper, a journeyman FeCK of Xom (Orc:1)
  3 merfolk avatars
  3 merfolk aquamancers
  An ogre mage (D:15)
  12 two-headed ogres
  A catoblepas (Lair:5)
  7 centaur warriors
  8 dancing weapons
  An alligator snapping turtle (Shoals:3)
  A deep troll shaman (Lair:5)
  3 boulder beetles
  6 death yaks (Lair:5)
  6 tengu warriors
  Urug (Lair:2)
  A vampire mage (D:15)
  3 orc high priests (Orc:2)
  5 deep elf knights
  Sonja (D:13)
  3 skysharks
  7 skeletal warriors
  8 sea snakes
  2 bog bodies (IceCv)
  A glowing orange brain (D:13)
  A necromancer (D:15)
  A lindwurm (Lair:5)
  2 deep elf archers
  18 deep elf pyromancers
  14 deep elf zephyrmancers
  6 large abominations
  2 fauns (Shoals:1)
  5 orc knights
  A wolf spider (Lair:2)
  8 manticores
  9 ugly things
  9 cyclopes
  3 orc sorcerers (Orc:2)
  7 elephants (Lair:5)
  2 merfolk sirens
  2 black mambas
  4 water nymphs
  11 cane toads
  An ice statue (IceCv)
  A gargoyle (D:9)
  2 rime drakes
  An unseen horror (D:10)
  Jeremiah (D:8)
  3 kobold blastminers (Orc:2)
  An efreet (Gauntlet)
  3 tengu conjurers
  A komodo dragon (shapeshifter) (D:15)
  8 komodo dragons
  An ice devil (IceCv)
  An anaconda simulacrum (IceCv)
  2 polar bears
  14 merfolk
  An ancient zyme (Abyss:2)
  5 trolls
  A raiju (Abyss:2)
  3 wind drakes
  16 blink frogs
  5 snapping turtles
  A spriggan zombie (D:15)
  11 dream sheep
  Sigmund (D:3)
  A culicivora (shapeshifter) (D:14)
  2 shadows
  6 wraiths
  A centaur simulacrum (D:15)
  2 culicivoras (Lair:2)
  7 water elementals
  2 spriggan skeletons
  A dire elephant simulacrum (IceCv)
  32 yaks
  A vampire (D:10)
  4 wyverns
  Eustachio (D:4)
  A steam dragon (D:9)
  6 basilisks
  2 fire elementals
  A redback (Lair:2)
  14 vampire mosquitoes
  2 chaos spawn (Gauntlet)
  3 neqoxecs
  2 death yak simulacra (IceCv)
  A harpy simulacrum (IceCv)
  A warg (Orc:2)
  16 water moccasins
  A hell hound (Gauntlet)
  4 acid dragons
  A hydra simulacrum (IceCv)
  4 black bears
  3 ice beasts
  An ogre (shapeshifter) (Abyss:2)
  25 orc warriors
  A sky beast (Abyss:2)
  8 ogres
  20 wolves
  17 centaurs
  A phantom (D:5)
  4 kobold brigands
  7 bullfrogs
  A cane toad simulacrum (IceCv)
  5 gnoll sergeants
  2 earth elementals (Elf:1)
  3 scorpions
  3 small abominations (Abyss:2)
  10 two-headed ogre simulacra (IceCv)
  A wight (D:8)
  4 elephant simulacra (IceCv)
  15 killer bees
  3 howler monkeys
  7 electric eels (D:11)
  A quasit (Abyss:2)
  3 hounds
  A jelly (D:7)
  19 orc priests
  3 iguanas (D:7)
  A sleepcap (D:6)
  30 orc wizards
  7 spriggan simulacra (IceCv)
  5 hell rats (Lair:5)
  5 polar bear simulacra (IceCv)
  A wolf simulacrum (IceCv)
  11 gnolls
  11 adders
  5 naga simulacra (IceCv)
  7 white imps
  4 ufetubi
  2 worms
  85 orcs
  5 ball pythons
  7 endoplasms
  A giant cockroach (D:1)
  3 goblins
  15 hobgoblins
  2 quokkas
  9 bats (D:2)
  4 frilled lizards
  12 kobolds
  5 rats
  A spectral orc (D:6)
  3 foxfires (Gauntlet)
  3 tentacles (Shoals:3)
833 creatures vanquished.

Vanquished Creatures (collateral kills)
  9 foxfires
9 creatures vanquished.

Vanquished Creatures (others)
  An orc priest (Orc:2)
  2 orc wizards (Orc:2)
  1674 foxfires
  A tentacle (Shoals:3)
1678 creatures vanquished.

Grand Total: 2520 creatures vanquished

Notes
Turn   | Place    | Note
-------+----------+-------------------------------------------
     0 | D:1      | Arzdou the Deep Elf Fire Elementalist began the quest for
                  | the Orb.
     0 | D:1      | Reached XP level 1. HP: 10/10 MP: 6/6
   371 | D:1      | Reached XP level 2. HP: 15/15 MP: 2/8
   696 | D:1      | Learned a level 2 spell: Scorch
   701 | D:1      | Upgraded the game from 0.31-a0-1082-g7d1fb776a8 to
                  | 0.31-a0-1091-g283494c966
  1393 | D:2      | Reached XP level 3. HP: 19/19 MP: 6/9
  1963 | D:2      | Identified the +1 quarterstaff "Grim" {elec, Str+3}
  2275 | D:2      | Reached XP level 4. HP: 6/24 MP: 0/12
  3165 | D:3      | Noticed Sigmund
  3184 | D:3      | Found a faded altar of an unknown god.
  3288 | D:4      | Reached XP level 5. HP: 28/28 MP: 5/14
  3298 | D:4      | Reached skill level 5 in Spellcasting
  3410 | D:4      | Noticed Eustachio
  3531 | D:4      | Killed Eustachio
  3532 | D:4      | Reached skill level 5 in Conjurations
  3532 | D:4      | Reached XP level 6. HP: 32/32 MP: 2/15
  4179 | D:4      | Reached XP level 7. HP: 6/36 MP: 5/16
  4812 | D:5      | Entered Level 5 of the Dungeon
  5016 | D:5      | Found a hide-covered altar of Uskayaw.
  5038 | D:5      | Reached skill level 5 in Fire Magic
  5457 | D:6      | Found a staircase to the Ecumenical Temple.
  5478 | Temple   | Entered the Ecumenical Temple
  5712 | D:6      | Found an iron altar of Okawaru.
  5724 | D:6      | Found a shimmering altar of Xom.
  5725 | D:6      | Found a hazy altar of Hepliaklqana.
  5727 | D:6      | Noticed a deep elf pyromancer
  5727 | D:6      | Noticed a skeletal warrior
  5728 | D:6      | Noticed a vampire mosquito
  5729 | D:6      | Found a transporter.
  5730 | D:6      | Noticed a two-headed ogre
  5736 | D:6      | Found a transporter.
  5787 | D:6      | Reached XP level 8. HP: 41/41 MP: 14/17
  6326 | D:6      | Reached skill level 1 in Fighting
  6355 | D:6      | Found a basalt altar of Yredelemnul.
  6723 | D:7      | Reached skill level 5 in Dodging
  6750 | D:7      | Found a blossoming altar of Fedhas.
  7152 | D:7      | Found a broken altar of Ashenzari.
  7152 | D:7      | Found an ancient bone altar of Kikubaaqudgha.
  7160 | D:7      | Found a burning altar of Makhleb.
  7180 | D:7      | Found Pisiqod's Antique Armour Boutique.
  7188 | D:7      | Bought a pitted robe for 171 gold pieces
  7188 | D:7      | Identified the +1 robe of the Saviour {Harm Dex+2} (You
                  | bought it in a shop on level 7 of the Dungeon)
  7700 | D:8      | Reached XP level 9. HP: 52/52 MP: 14/18
  7711 | D:8      | Found Otagodum's General Store.
  7719 | D:8      | Bought a scroll of identify for 24 gold pieces
  7770 | D:8      | Identified a scroll of acquirement
  7779 | D:8      | Found a staircase to the Lair.
  7873 | D:8      | Noticed a deep elf pyromancer
  7899 | D:8      | Killed a deep elf pyromancer
  8088 | D:8      | Noticed a two-headed ogre
  8179 | D:8      | Found Toasm's Antique Weapon Boutique.
  8264 | D:8      | Found Bemufeas's Jewellery Emporium.
  8264 | D:8      | Noticed a komodo dragon
  8275 | D:8      | Killed a komodo dragon
  8276 | D:8      | Reached skill level 10 in Fire Magic
  8297 | D:8      | Found a white marble altar of Elyvilon.
  8308 | D:8      | Found Jutixzu's Jewellery Shop.
  8367 | D:8      | Found Saremawk's Armour Emporium.
  8373 | D:8      | Acquired 536 gold pieces
  8375 | D:8      | Bought a +1 cloak of willpower for 214 gold pieces
  8464 | D:8      | Killed a two-headed ogre
  8465 | D:8      | Reached skill level 5 in Fighting
  8465 | D:8      | Reached XP level 10. HP: 59/59 MP: 11/19
  8568 | D:8      | Found a bloodstained altar of Trog.
  8733 | D:8      | Noticed Jeremiah
  8974 | D:9      | Learned a level 4 spell: Flame Wave
  9050 | D:9      | Noticed a two-headed ogre
  9059 | D:9      | Killed a two-headed ogre
  9127 | D:9      | Found a snail-covered altar of Cheibriados.
  9134 | D:9      | Identified the +0 robe of Birdsong {Harm Str+2 Dex-5}
  9487 | D:9      | Noticed Harold
  9493 | D:9      | Killed Harold
  9494 | D:9      | Reached skill level 10 in Dodging
  9619 | D:9      | Found a radiant altar of Vehumet.
  9628 | D:9      | Became a worshipper of Vehumet
  9789 | D:9      | Found a stormy altar of Qazlal.
 10332 | D:3      | Killed Sigmund
 11085 | D:8      | Killed Jeremiah
 11251 | D:10     | Entered Level 10 of the Dungeon
 11493 | D:10     | Noticed a gargoyle
 11879 | D:10     | Noticed a two-headed ogre
 11897 | D:10     | Killed a two-headed ogre
 12024 | D:10     | Found a staircase to the Orcish Mines.
 12043 | D:10     | Reached XP level 11. HP: 61/67 MP: 10/20
 12455 | D:10     | Reached skill level 10 in Conjurations
 12461 | D:10     | Reached * piety under Vehumet
 12461 | D:10     | Offered knowledge of Freeze by Vehumet.
 12966 | D:10     | Learned a level 1 spell: Freeze
 12983 | D:10     | Reached skill level 1 in Ice Magic
 13132 | D:10     | Identified the ring "Tineq" {rF+ Dex+4}
 13184 | D:10     | Reached skill level 2 in Ice Magic
 13223 | D:10     | Reached skill level 3 in Ice Magic
 13317 | D:10     | Reached skill level 4 in Ice Magic
 13460 | D:10     | Found a glowing silver altar of Zin.
 13461 | D:10     | Found an opulent altar of Gozag.
 13807 | D:11     | Reached skill level 5 in Ice Magic
 13996 | D:11     | Reached skill level 5 in Stealth
 14123 | D:11     | Learned a level 1 spell: Apportation
 14125 | D:11     | Acquired the +1 pair of gloves of Ebownotz {rPois Dex+3}
 14563 | D:11     | Offered knowledge of Momentum Strike by Vehumet.
 14613 | D:11     | Reached ** piety under Vehumet
 15024 | Lair:1   | Entered Level 1 of the Lair of Beasts
 15448 | Lair:1   | You fall into a shaft and drop 1 floor!
 15452 | Lair:2   | Noticed Gastronok
 15474 | Lair:2   | Killed Gastronok
 15551 | Lair:2   | Reached XP level 12. HP: 62/72 MP: 19/25
 16335 | Lair:2   | Found a hole to the Spider Nest.
 16346 | Lair:2   | Offered knowledge of Frozen Ramparts by Vehumet.
 16361 | Lair:2   | Reached skill level 6 in Ice Magic
 16573 | Lair:2   | Reached skill level 10 in Spellcasting
 16650 | Lair:2   | Noticed a seven-headed hydra
 16828 | Lair:1   | Reached *** piety under Vehumet
 16829 | Lair:1   | Reached skill level 7 in Ice Magic
 16833 | Lair:1   | Learned a level 3 spell: Frozen Ramparts
 16843 | Lair:2   | Noticed Urug
 16921 | Lair:2   | Killed Urug
 17037 | Lair:2   | Killed a seven-headed hydra
 17067 | Lair:2   | Reached skill level 8 in Ice Magic
 17443 | Lair:3   | Found a frozen archway.
 17450 | IceCv    | Entered an ice cave
 17629 | IceCv    | Offered knowledge of Ignite Poison by Vehumet.
 17998 | IceCv    | Reached **** piety under Vehumet
 18001 | IceCv    | Reached skill level 9 in Ice Magic
 18108 | IceCv    | Offered knowledge of Irradiate by Vehumet.
 18321 | IceCv    | Found the +2 Maxwell's thermic engine {flame, freeze, rev}
 18380 | IceCv    | Reached skill level 10 in Ice Magic
 19088 | Lair:3   | Learned a level 7 spell: Ozocubu's Refrigeration
 19321 | Lair:3   | Reached XP level 13. HP: 76/76 MP: 20/30
 19444 | Lair:3   | Reached skill level 11 in Ice Magic
 19552 | Lair:3   | Found a staircase to the Shoals.
 20028 | Lair:4   | Reached skill level 12 in Ice Magic
 20173 | Lair:4   | Reached ***** piety under Vehumet
 20184 | Lair:4   | Offered knowledge of Plasma Beam by Vehumet.
 20193 | Lair:4   | Learned a level 6 spell: Plasma Beam
 20302 | Lair:4   | Reached skill level 1 in Air Magic
 20892 | Lair:5   | Entered Level 5 of the Lair of Beasts
 20925 | Lair:5   | Reached skill level 13 in Ice Magic
 21240 | Lair:5   | Found a viscous altar of Jiyva.
 21241 | Lair:5   | Found a staircase to the Slime Pits.
 21822 | Lair:5   | Reached skill level 5 in Air Magic
 22312 | Lair:5   | Reached skill level 14 in Ice Magic
 22471 | Lair:5   | Reached XP level 14. HP: 78/82 MP: 20/31
 22590 | Lair:5   | Identified the +2 whip "Tormentor" {flame, rElec Str+3}
 22857 | Orc:1    | Entered Level 1 of the Orcish Mines
 22861 | Orc:1    | Noticed an orc warlord
 22874 | Orc:1    | Killed an orc warlord
 22976 | Orc:1    | Found a runed translucent door.
 22976 | Orc:1    | Noticed Ecaiwiergh's ghost (journeyman FeCK)
 23059 | Orc:1    | Noticed Snorg
 23067 | Orc:1    | Found Seotz's Antique Armour Shoppe.
 23096 | Orc:1    | Killed Snorg
 23223 | Orc:1    | Killed Ecaiwiergh's ghost
 23286 | Orc:2    | Entered Level 2 of the Orcish Mines
 23300 | Orc:2    | Noticed Josephine
 23322 | Orc:1    | Killed Josephine
 23772 | Orc:2    | Found a staircase to the Elven Halls.
 23953 | Orc:1    | Found Nuomul's Book Shop.
 23961 | Orc:1    | Reached skill level 15 in Ice Magic
 24172 | Orc:1    | Found Porer's Assorted Antiques.
 24181 | Orc:1    | Bought a scroll of identify for 46 gold pieces
 24420 | Orc:2    | Offered knowledge of Fulminant Prism by Vehumet.
 25426 | Orc:2    | Reached skill level 16 in Ice Magic
 25479 | Orc:2    | Found Kuwotte's Assorted Antiques.
 25479 | Orc:2    | Found Lyhak's Armour Shop.
 25485 | Orc:2    | Found Luckups's Assorted Antiques.
 25485 | Orc:2    | Found Xuedauch's General Store.
 25496 | Orc:2    | Bought the +0 pair of boots of Intercession {rCorr SInv}
                  | for 276 gold pieces
 25503 | Orc:2    | Bought a wand of paralysis (6) for 201 gold pieces
 25504 | Orc:2    | Bought a scroll of fear for 100 gold pieces
 25504 | Orc:2    | Bought a scroll of teleportation for 75 gold pieces
 25504 | Orc:2    | Bought a potion of brilliance for 100 gold pieces
 25504 | Orc:2    | Bought a scroll of revelation for 187 gold pieces
 25516 | Orc:2    | Bought a potion of cancellation for 208 gold pieces
 25592 | Orc:1    | Bought a pair of dazzling gloves for 218 gold pieces
 25592 | Orc:1    | Identified the +2 pair of gloves of the Bard {+Inv rN+
                  | Will- SInv} (You bought it in a shop on level 1 of the
                  | Orcish Mines)
 25592 | Orc:1    | Bought a scroll of blinking for 172 gold pieces
 25592 | Orc:1    | Bought a scroll of teleportation for 69 gold pieces
 26428 | D:12     | Reached skill level 17 in Ice Magic
 27125 | D:13     | Found a gate to the Vaults.
 27439 | D:13     | Noticed Sonja
 27455 | D:13     | Killed Sonja
 27845 | D:13     | Identified the +1 plate armour of the World {Slay+5}
 28219 | D:14     | Found a runed translucent door.
 28219 | D:14     | Noticed Safywk's ghost (journeyman MiFi)
 28220 | D:14     | Identified the +1 trident of the Building Gods {vamp, Drain
                  | rPois Str+3}
 28244 | D:14     | Reached XP level 15. HP: 85/86 MP: 28/32
 28250 | D:14     | Reached skill level 18 in Ice Magic
 28273 | D:14     | Found a gate leading to a gauntlet.
 28300 | Gauntlet | Entered a Gauntlet
 28300 | Gauntlet | Found a transporter.
 28300 | Gauntlet | Found a large runed translucent door.
 28300 | Gauntlet | Found a large runed translucent door.
 28300 | Gauntlet | Found a large runed translucent door.
 28300 | Gauntlet | Found a large runed translucent door.
 28300 | Gauntlet | Found a runed translucent door.
 28300 | Gauntlet | Found a runed translucent door.
 28300 | Gauntlet | Found a large runed translucent door.
 28300 | Gauntlet | Found a large runed translucent door.
 28300 | Gauntlet | Found a large runed translucent door.
 28300 | Gauntlet | Found a large runed translucent door.
 28300 | Gauntlet | Found a large runed translucent door.
 28300 | Gauntlet | Found a large runed translucent door.
 28396 | Gauntlet | Found a large runed translucent door.
 28396 | Gauntlet | Found a large runed translucent door.
 28397 | Gauntlet | Found a large runed translucent door.
 28397 | Gauntlet | Found a large runed translucent door.
 28397 | Gauntlet | Found a large runed translucent door.
 28397 | Gauntlet | Found a large runed translucent door.
 28403 | Gauntlet | Found a runed translucent gate.
 28403 | Gauntlet | Found a runed translucent gate.
 28403 | Gauntlet | Found a runed translucent gate.
 28405 | Gauntlet | Found a transporter.
 28407 | Gauntlet | Found a transporter.
 28409 | Gauntlet | Found a transporter.
 28432 | Gauntlet | Found a transporter.
 28441 | Gauntlet | Found a transporter.
 28456 | Gauntlet | Found a transporter.
 28461 | Gauntlet | Found a transporter.
 28476 | Gauntlet | Found a transporter.
 28496 | Gauntlet | Found a transporter.
 28514 | Gauntlet | Found a transporter.
 28526 | Gauntlet | Found a transporter.
 28538 | Gauntlet | Found a transporter.
 28558 | Gauntlet | Found a transporter.
 28637 | Gauntlet | Found a transporter.
 28654 | Gauntlet | Found a transporter.
 28656 | Gauntlet | Found a transporter.
 28725 | Gauntlet | Offered knowledge of Yara's Violent Unravelling by Vehumet.
 28752 | Gauntlet | Found a transporter.
 29351 | D:14     | Found a shimmering blue altar of Sif Muna.
 29388 | D:14     | Noticed a storm dragon
 29559 | D:14     | Reached skill level 19 in Ice Magic
 30189 | D:15     | Entered Level 15 of the Dungeon
 30314 | D:15     | Found a staircase to the Depths.
 30832 | D:15     | HP: 4/86 [centaur warrior/arrow (16)]
 31175 | D:15     | Identified the amulet of Kyphe {Reflect rElec rCorr Dex+2
                  | SH+5}
 31780 | Abyss:2  | Cast into level 2 of the Abyss (an occultist)
 31846 | Abyss:2  | Found a corrupted altar of Lugonu.
 31937 | D:15     | Escaped the Abyss
 32049 | D:15     | Reached skill level 20 in Ice Magic
 32770 | Shoals:1 | Entered Level 1 of the Shoals
 32775 | Lair:3   | Upgraded the game from 0.31-a0-1091-g283494c966 to
                  | 0.31-a0-1096-g246cf0196b
 33211 | Shoals:1 | Found a large runed translucent door.
 33211 | Shoals:1 | Found a large runed translucent door.
 33213 | Shoals:1 | Noticed Totu's ghost (adept MiBe)
 33316 | Shoals:1 | Found Asaqanynn's Weapon Shop.
 33805 | Shoals:1 | Noticed a kraken
 33818 | Shoals:1 | Reached skill level 21 in Ice Magic
 34647 | Shoals:2 | Reached XP level 16. HP: 63/92 MP: 33/33
 35536 | Shoals:2 | Found Salextairy's Antique Weapon Emporium.
 37558 | Shoals:3 | Noticed a kraken
 37561 | Shoals:3 | Killed a kraken
 37561 | Shoals:3 | Offered knowledge of Bombard by Vehumet.
 37570 | Shoals:3 | Learned a level 7 spell: Orb of Destruction
 37820 | Elf:1    | Entered Level 1 of the Elven Halls
 38204 | Abyss:2  | Cast into level 2 of the Abyss (+2 trident of distortion)
 38277 | Abyss:2  | Noticed a bone dragon
 38710 | Abyss:2  | Noticed a hellephant
 38892 | Abyss:2  | Noticed a tentacled starspawn
 39004 | Elf:1    | Escaped the Abyss
 39174 | Orc:2    | Bought a scroll of teleportation for 78 gold pieces
 39317 | Elf:1    | Found Qypoorgh's Antique Armour Shoppe.
 39325 | Elf:1    | Found Giamadgh's Weapon Emporium.
 39585 | Elf:1    | Found a portal to a secret trove of treasure.
 40139 | Elf:1    | Found Galous's Antique Armour Shoppe.
 40517 | Elf:1    | Found Volyb's Book Emporium.
 40518 | Elf:1    | Found Haofowot's Magic Scroll Boutique.
 40869 | Elf:1    | Identified the +3 scale mail of the Imp {Rampage Fly}
 40876 | Elf:1    | Bought a scroll of teleportation for 42 gold pieces
 40876 | Elf:1    | Bought a scroll of blinking for 105 gold pieces
 40876 | Elf:1    | Bought a scroll of teleportation for 42 gold pieces
 41148 | Elf:2    | Found Inuuss's Antique Armour Boutique.
 41209 | Elf:2    | Reached skill level 15 in Spellcasting
 41220 | Elf:2    | Found Fiduufou's Weapon Shoppe.
 41252 | Elf:2    | Found a magical portal.
 41261 | WizLab   | Entered Iskenderun's Mystic Tower
 41336 | WizLab   | Reached XP level 17. HP: 13/96 MP: 2/38
 41666 | WizLab   | Killed from afar by a purple draconian

Illustrated notes

Levels and vault maps discovered:
D:1:      dpeg_arrival_pits, layout_basic, serial_rivers,
          chequers_serial_rivers_large_b, chequers_serial_rivers_small_a,
          chequers_serial_rivers_small_b, chequers_serial_rivers_room_b,
          chequers_serial_rivers_micro_e, chequers_serial_rivers_small_a,
          st_stairs_10, minmay_pentomino_q4
D:2:      minmay_recursive_quarters, layout_loops_corners
D:3:      layout_basic, shapermc_ecumenical_altar_gd, uniq_sigmund
D:4:      layout_basic, uniq_eustachio
D:5:      layout_cave_pools, nicolae_uskayaw_dance_hall, serial_column_ruins,
          column_ruins_hut_ruined, column_ruins_square_medium,
          column_ruins_grid_2, column_ruins_corridor_plus,
          column_ruins_open_small_water, column_ruins_columns_straight,
          column_ruins_columns_corner, column_ruins_corridor_T
D:6:      layout_gridville, gammafunk_temple_overflow_arena,
          yredelemnul_forgotten_temple_becter, temple_fountains,
          bh_walls_and_bars
D:7:      layout_loops_ring, fedhas_altar_2, gammafunk_temple_overflow_claw,
          serial_shops, nicolae_shop_statue_plus, st_stairs_3
D:8:      minmay_opposing_rooms, layout_rooms,
          mainiacjoe_overflow_concentric_impassable, lightli_temple_of_fire,
          lair_entry_dummy, serial_shops, shop, kennysheep_little_box, shop,
          shop, nicolae_shop_gibbet_a_chance, chequers_decorated_corner,
          minmay_tree_intersection, minmay_holes, uniq_jeremiah
D:9:      layout_basic, kennysheep_mini_moat, lemuel_coloured_pillars_altar,
          slow_altar_1, nicolae_zig_zag_zippers, uniq_harold
D:10:     layout_long_grid, grunt_temple_overflow_gold_and_silver,
          kennysheep_orc_monster_closet_entryway, serial_co_window_serial,
          co_window_corner_a, co_window_paths_a, co_window_corner_a,
          co_window_of_opportunity_a, co_window_paths_a, co_window_broadway_c,
          co_window_unsneaky_path_c, co_window_corner_ca,
          co_window_unsneaky_path_b, co_window_paths_c, co_window_cross_2,
          glass_columns_a, glass_columns_b, glass_columns_a, glass_columns_c
D:11:     layout_basic, dreamdust_deal_with_the_devil
D:12:     layout_rooms, hangedman_glass_teeth
D:13:     layout_roguey, hellmonk_vaults_order_and_chaos, uniq_sonja
D:14:     layout_loops_corners, gauntlet_entry_generic,
          ebering_ghost_funeral_grove, led_sif_pool
D:15:     gammafunk_depths_entry_grave, layout_irregular_city
Temple:   hellmonk_temple_rainy
Lair:1:   layout_gridlike, amcnicky_mini_pool_medium
Lair:2:   layout_roguey, spider_nest_entry_funnel_web, grunt_megastairs_3,
          uniq_urug, uniq_gastronok
Lair:3:   layout_chaotic_city, minmay_shoals_entry_lonely_mermaid,
          portal_ice_cave_entry_pillars_2
Lair:4:   layout_cellular_growth
Lair:5:   grunt_lair_end_beastmaster, layout_hall_layers, slime_entry_1,
          grunt_megastairs_2
Shoals:1: layout_shoals, ebering_ghost_disaster_area, nicolae_take_the_stairs,
          nicolae_shoals_pincushion_passage
Shoals:2: layout_shoals, serial_shops, shop
Shoals:3: layout_shoals
Orc:1:    layout_caves, gammafunk_ghost_grave, serial_shops,
          nicolae_shop_rolling_square, nicolae_book_shop_shelving, shop,
          uniq_snorg
Orc:2:    grunt_orc_tribal_feast, layout_caves, nicolae_orc_sculptors_studio,
          uniq_josephine
Elf:1:    elf_arrival_001, layout_loops_ring, serial_shops, shop, shop, shop,
          shop, nicolae_shop_back_alley_shop, trove_entry_hex_spiral,
          hangedman_elf_represent
Elf:2:    nicolae_elf_blades_crystal_corner, layout_onion_city,
          mu_enter_wizlab_5, serial_shops, shop,
          nicolae_shop_bloodbath_and_beyond, nicolae_shop_hallway_plus,
          portal_desolation_entry_nicolae_slug, st_stairs_13
WizLab:   wizlab_iskenderun

Skill      XL: |  1  2  3  4  5  6  7  8  9 10 11 12 13 14 15 16 |
---------------+-------------------------------------------------+-----
Stealth        | 3 9 |  9.0
Dodging        | 3 6 8 10 | 10.0
Conjurations   | 2 3 5 6 7 9 10 11 14 | 14.7
Spellcasting   | 4 5 7 11 15 | 15.2
Fire Magic     | 4 7 10 | 10.0
Fighting       | 4 5 7 |  7.0
Ice Magic      | 5 10 14 17 21 | 21.0
Air Magic      | 6 8 |  8.0

Action                     |  1- 3 |  4- 6 |  7- 9 | 10-12 | 13-15 | 16-18 || total
---------------------------+-------+-------+-------+-------+-------+-------++-------
  Melee: Quarterstaff      |     5 |     1 |       |       |       |       ||     6
         Staff             |       |       |     1 |     5 |     4 |     9 ||    19
   Cast: Foxfire           |    73 |    44 |   246 |   397 |   270 |     8 ||  1038
         Scorch            |     8 |    30 |    61 |   207 |    96 |    18 ||   420
         Flame Wave        |       |       |       |    62 |   128 |    13 ||   203
         Apportation       |       |       |       |     4 |       |       ||     4
         Frozen Ramparts   |       |       |       |     4 |    21 |     1 ||    26
         Freeze            |       |       |       |     2 |       |       ||     2
         Ozocubu's Refrige |       |       |       |       |    91 |    85 ||   176
         Plasma Beam       |       |       |       |       |    20 |    11 ||    31
         Orb of Destructio |       |       |       |       |       |    75 ||    75
  Evoke: Wand              |       |       |       |     4 |     1 |       ||     5
         Lightning rod     |       |       |       |       |     1 |       ||     1
    Use: Potion            |     1 |     1 |     3 |     2 |     5 |     7 ||    19
         Scroll            |       |       |    10 |    10 |    21 |     9 ||    50
   Stab: Sleeping          |       |       |       |       |     1 |       ||     1
 Armour: Robe              |    19 |     9 |    28 |   162 |   234 |    70 ||   522
  Dodge: Dodged            |    25 |    12 |    83 |   187 |   272 |    42 ||   621
  Block: Buckler           |       |       |       |       |    13 |    42 ||    55
         Reflection        |       |       |       |       |     5 |     4 ||     9

Table legend: (Time is in decaauts)
 A = Elapsed time spent in this place.
 B = Non-inter-level travel time spent in this place.
 C = Inter-level travel time spent in this place.
 D = Time resting spent in this place.
 E = Time spent auto-exploring this place.
 F = Levels seen in this place.
 G = Mean time per level.
                   A        B        C        D        E       F      G
               +--------+--------+--------+--------+--------+-----+--------+
         Total |  41946 |  39045 |   2901 |   9765 |  21622 |  34 | 1233.7 |
       Dungeon |  21452 |  19563 |   1889 |   3381 |  12700 |  15 | 1430.1 |
        Temple |     15 |     15 |      0 |      0 |      0 |   1 |   15.0 |
          Lair |   6357 |   5877 |    480 |    900 |   3792 |   5 | 1271.4 |
        Shoals |   5012 |   4898 |    114 |   1930 |   2274 |   3 | 1670.7 |
  Orcish Mines |   3297 |   2959 |    338 |   1487 |    899 |   2 | 1648.5 |
   Elven Halls |   2166 |   2087 |     79 |    625 |   1065 |   2 | 1083.0 |
         Abyss |    966 |    966 |      0 |    467 |     44 |   3 |  322.0 |
      Ice Cave |   1625 |   1625 |      0 |    411 |    848 |   1 | 1625.0 |
        Wizlab |    405 |    405 |      0 |    351 |      0 |   1 |  405.0 |
      Gauntlet |    646 |    646 |      0 |    212 |      0 |   1 |  646.0 |
               +--------+--------+--------+--------+--------+-----+--------+

Top non-repeatable levels by time:
   Orc:2: 2219 daAuts
   Elf:1: 2028 daAuts
    D:10: 1999 daAuts
Shoals:2: 1973 daAuts
    D:14: 1904 daAuts
Shoals:1: 1812 daAuts
     D:7: 1752 daAuts
    D:11: 1732 daAuts
  Lair:5: 1707 daAuts
    D:15: 1687 daAuts
     D:9: 1672 daAuts
   IceCv: 1625 daAuts
     D:4: 1477 daAuts
     D:1: 1447 daAuts
     D:8: 1368 daAuts
